1869 views
Uploaded 2023-04-22 21:45:01
Game version 1.35 (6115)
22:04 long 4on4 ladder game on (8)OrdealGround_S2_v1.07
Saved by DKnight
1869 views
Uploaded 2023-04-22 21:45:01
Game version 1.35 (6115)
22:04 long 4on4 ladder game on (8)OrdealGround_S2_v1.07


178 units @ 25.7k
/ 3.6k
70 buildings @ 12k
/ 3.9k



| Healing Salve | 2 | 200 |
| Orb of Lightning | 2 | 750 |
| Lesser Clarity Potion | 2 | 140 |
| Potion of Mana | 1 | 200 |
| Potion of Healing | 1 | 150 |
| Scroll of Town Portal | 1 | 350 |
| Boots of Speed | 1 | 250 |
| Sentry Wards | 1 | 150 |
| Belt of Giant Strength +6 | 1 | 400 |
| Runed Bracers | 1 | 400 |
| total: | 13 | 2990g |
| Peon | 10 | 750 | / | 0 |
| Troll Headhunter | 9 | 1260 | / | 180 |
| Troll Witch Doctor | 7 | 1015 | / | 175 |
| Troll Berserker | 8 | 1120 | / | 160 |
| total: | 34 | 4145g | / | 515w |
| Orc Burrow | 7 | 1120 | / | 280 |
| Altar of Storms | 1 | 180 | / | 50 |
| War Mill | 1 | 205 | / | 0 |
| Barracks | 2 | 360 | / | 100 |
| Voodoo Lounge | 1 | 130 | / | 30 |
| Great Hall | 2 | 770 | / | 370 |
| Spirit Lodge | 1 | 150 | / | 150 |
| Beastiary | 1 | 145 | / | 140 |
| Stronghold | 1 | 315 | / | 190 |
| Fortress | 1 | 325 | / | 190 |
| total: | 16 | 3060g | / | 1120w |
| 0:04 | Peon |
| 0:04 | Peon |
| 0:20 | Peon |
| 0:20 | Peon |
| 0:49 | Orc Burrow |
| 0:54 | Altar of Storms |
| 1:04 | War Mill |
| 1:09 | Barracks |
| 1:11 | Peon |
| 1:16 | Peon |
| 1:31 | Orc Burrow |
| 1:38 | Peon |
| 2:10 | Voodoo Lounge |
| 2:21 | Troll Headhunter |
| 2:22 | Troll Headhunter |
| 2:41 | Orc Burrow |
| 2:44 | Peon |
| 2:56 | Troll Headhunter |
| 3:11 | Troll Headhunter |
| 3:35 | Troll Headhunter |
| 3:54 | Healing Salve |
| 4:03 | Troll Headhunter |
| 4:18 | Stronghold |
| 4:34 | War Stomp |
| 5:08 | Steel Armor |
| 5:12 | Orc Burrow |
| 5:14 | Troll Headhunter |
| 5:14 | Troll Headhunter |
| 5:59 | War Stomp |
| 6:03 | Boots of Speed |
| 6:13 | Orc Burrow |
| 6:18 | Orc Burrow |
| 6:49 | Fortress |
| 7:56 | Healing Wave |
| 7:57 | Troll Regeneration |
| 7:59 | Thorium Armor |
| 8:00 | Reinforced Defenses |
| 8:03 | Orc Burrow |
| 8:06 | Troll Headhunter |
| 8:26 | Sentry Wards |
| 8:55 | Steel Ranged Weapons |
| 8:58 | Spirit Lodge |
| 9:21 | Berserker Upgrade |
| 9:27 | Peon |
| 9:27 | Peon |
| 9:57 | Hex |
| 10:20 | Great Hall |
| 10:36 | Orb of Lightning |
| 10:43 | Healing Salve |
| 10:44 | Lesser Clarity Potion |
| 11:01 | Spiked Barricades |
| 12:10 | Belt of Giant Strength +6 |
| 12:24 | Runed Bracers |
| 12:51 | Witch Doctor Adept Training |
| 13:09 | Troll Witch Doctor |
| 13:11 | Thorium Ranged Weapons |
| 13:11 | Improved Spiked Barricades |
| 13:27 | Troll Berserker |
| 13:27 | Troll Berserker |
| 13:41 | Orb of Lightning |
| 14:06 | Witch Doctor Master Training |
| 14:23 | Shockwave |
| 14:23 | Shockwave |
| 15:02 | Feral Spirit |
| 15:07 | Healing Wave |
| 15:20 | War Stomp |
| 15:23 | Chain Lighting |
| 15:28 | Troll Witch Doctor |
| 15:29 | Troll Witch Doctor |
| 15:36 | Great Hall |
| 15:51 | Arcanite Ranged Weapons |
| 16:11 | Troll Berserker |
| 16:51 | Arcanite Armor |
| 18:48 | Hex |
| 19:58 | Barracks |
| 20:12 | Beastiary |
| 20:17 | Troll Berserker |
| 20:17 | Troll Berserker |
| 20:17 | Troll Berserker |
| 20:17 | Troll Berserker |
| 20:19 | Troll Witch Doctor |
| 20:19 | Troll Witch Doctor |
| 20:19 | Troll Witch Doctor |
| 20:19 | Troll Witch Doctor |
| 20:21 | Troll Berserker |
| 20:33 | Lesser Clarity Potion |
| 20:36 | Potion of Mana |
| 20:42 | Scroll of Town Portal |
| 20:44 | Potion of Healing |
| Right click | 767 |
| Select | 374 |
| Build/train/purchase | 95 |
| Misc. action | 43 |
| Use ability | 29 |
| Item give/drop | 6 |
| Chat | 5 |


| Rod of Necromancy | 2 | 300 |
| Orb of Corruption | 1 | 375 |
| Scroll of Healing | 2 | 500 |
| Potion of Lesser Invulnerability | 1 | 150 |
| Claws of Attack +6 | 1 | 125 |
| total: | 7 | 1450g |
| Acolyte | 9 | 675 | / | 0 |
| Ghoul | 3 | 360 | / | 0 |
| Crypt Fiend | 20 | 4300 | / | 800 |
| Obsidian Statue | 8 | 1600 | / | 280 |
| total: | 40 | 6935g | / | 1080w |
| Spirit Tower | 1 | 145 | / | 40 |
| Nerubian Tower | 2 | 200 | / | 40 |
| Crypt | 1 | 200 | / | 50 |
| Graveyard | 1 | 215 | / | 0 |
| Altar of Darkness | 1 | 180 | / | 50 |
| Ziggurat | 9 | 1350 | / | 450 |
| Tomb of Relics | 1 | 130 | / | 30 |
| Slaughterhouse | 2 | 280 | / | 270 |
| Halls of the Dead | 1 | 320 | / | 210 |
| Black Citadel | 1 | 325 | / | 230 |
| total: | 15 | 2355g | / | 850w |
| 0:02 | Acolyte |
| 0:02 | Acolyte |
| 0:07 | Crypt |
| 0:35 | Graveyard |
| 0:56 | Altar of Darkness |
| 0:58 | Ziggurat |
| 1:11 | Ghoul |
| 1:26 | Tomb of Relics |
| 1:50 | Ghoul |
| 1:52 | Ziggurat |
| 2:11 | Crypt Fiend |
| 2:33 | Crypt Fiend |
| 2:56 | Rod of Necromancy |
| 3:03 | Death Coil |
| 3:21 | Halls of the Dead |
| 3:42 | Crypt Fiend |
| 4:21 | Unholy Aura |
| 4:22 | Crypt Fiend |
| 4:25 | Ziggurat |
| 5:04 | Ghoul |
| 5:30 | Rod of Necromancy |
| 5:57 | Death Coil |
| 6:04 | Acolyte |
| 6:04 | Acolyte |
| 6:29 | Acolyte |
| 6:58 | Frost Nova |
| 7:04 | Slaughterhouse |
| 7:21 | Potion of Lesser Invulnerability |
| 7:29 | Black Citadel |
| 7:32 | Ziggurat |
| 8:16 | Slaughterhouse |
| 8:38 | Crypt Fiend |
| 8:40 | Obsidian Statue |
| 8:50 | Creature Attack |
| 8:51 | Creature Carapace |
| 9:20 | Obsidian Statue |
| 9:26 | Ziggurat |
| 9:31 | Ziggurat |
| 9:39 | Web |
| 10:04 | Death Pact |
| 10:19 | Destroyer Form |
| 10:45 | Crypt Fiend |
| 10:46 | Improved Creature Attack |
| 11:21 | Crypt Fiend |
| 11:33 | Crypt Fiend |
| 11:49 | Crypt Fiend |
| 12:03 | Obsidian Statue |
| 12:20 | Crypt Fiend |
| 12:36 | Obsidian Statue |
| 12:49 | Orb of Corruption |
| 12:50 | Scroll of Healing |
| 12:53 | Crypt Fiend |
| 12:57 | Spirit Tower |
| 13:23 | Crypt Fiend |
| 13:44 | Frost Armor |
| 13:50 | Ziggurat |
| 13:52 | Advanced Creature Attack |
| 15:21 | Crypt Fiend |
| 15:23 | Frost Nova |
| 15:36 | Acolyte |
| 15:41 | Obsidian Statue |
| 15:44 | Crypt Fiend |
| 16:03 | Claws of Attack +6 |
| 16:38 | Ziggurat |
| 17:30 | Death Coil |
| 17:50 | Crypt Fiend |
| 17:51 | Obsidian Statue |
| 17:51 | Acolyte |
| 17:51 | Acolyte |
| 18:17 | Crypt Fiend |
| 18:33 | Obsidian Statue |
| 18:36 | Acolyte |
| 19:53 | Crypt Fiend |
| 20:15 | Crypt Fiend |
| 20:17 | Ziggurat |
| 20:19 | Nerubian Tower |
| 20:23 | Scroll of Healing |
| 21:10 | Crypt Fiend |
| 21:31 | Crypt Fiend |
| 21:33 | Obsidian Statue |
| 21:56 | Frost Armor |
| Right click | 1250 |
| Select group | 1099 |
| Select | 419 |
| Misc. action | 124 |
| Build/train/purchase | 107 |
| Use ability | 58 |
| Assign group | 41 |
| Resource trade | 16 |
| Item give/drop | 3 |
| Remove unit | 1 |
| Minimap ping | 1 |


| Rod of Necromancy | 1 | 150 |
| Ritual Dagger | 1 | 125 |
| Potion of Healing | 1 | 150 |
| Scroll of Town Portal | 4 | 1400 |
| Claws of Attack +9 | 1 | 300 |
| total: | 8 | 2125g |
| Acolyte | 12 | 900 | / | 0 |
| Crypt Fiend | 18 | 3870 | / | 720 |
| Ghoul | 9 | 1080 | / | 0 |
| Gargoyle | 6 | 1050 | / | 180 |
| Banshee | 4 | 620 | / | 120 |
| total: | 49 | 7520g | / | 1020w |
| Nerubian Tower | 1 | 100 | / | 20 |
| Spirit Tower | 2 | 290 | / | 80 |
| Ziggurat | 10 | 1500 | / | 500 |
| Graveyard | 2 | 430 | / | 0 |
| Crypt | 4 | 800 | / | 200 |
| Altar of Darkness | 1 | 180 | / | 50 |
| Tomb of Relics | 3 | 390 | / | 90 |
| Necropolis | 3 | 675 | / | 0 |
| Temple of the Damned | 2 | 310 | / | 280 |
| Slaughterhouse | 1 | 140 | / | 135 |
| Halls of the Dead | 2 | 640 | / | 420 |
| Black Citadel | 2 | 650 | / | 460 |
| total: | 26 | 4425g | / | 1255w |
| 0:02 | Acolyte |
| 0:02 | Acolyte |
| 0:05 | Ziggurat |
| 0:07 | Graveyard |
| 0:40 | Crypt |
| 1:12 | Altar of Darkness |
| 1:31 | Tomb of Relics |
| 1:41 | Crypt Fiend |
| 1:53 | Ziggurat |
| 2:21 | Crypt Fiend |
| 2:51 | Ghoul |
| 3:10 | Crypt Fiend |
| 3:16 | Death Coil |
| 3:18 | Rod of Necromancy |
| 3:40 | Crypt Fiend |
| 4:04 | Crypt Fiend |
| 4:25 | Unholy Aura |
| 4:32 | Unholy Strength |
| 4:33 | Creature Attack |
| 4:42 | Acolyte |
| 4:42 | Acolyte |
| 4:45 | Necropolis |
| 5:00 | Ziggurat |
| 5:55 | Death Coil |
| 5:59 | Crypt Fiend |
| 6:17 | Halls of the Dead |
| 6:39 | Acolyte |
| 6:39 | Acolyte |
| 6:52 | Ziggurat |
| 6:55 | Ziggurat |
| 7:52 | Crypt Fiend |
| 7:56 | Acolyte |
| 7:57 | Nerubian Tower |
| 7:58 | Spirit Tower |
| 7:59 | Ziggurat |
| 8:02 | Unholy Aura |
| 8:21 | Claws of Attack +9 |
| 8:31 | Ghoul |
| 9:02 | Web |
| 9:20 | Tomb of Relics |
| 9:22 | Tomb of Relics |
| 9:24 | Ghoul |
| 9:30 | Creature Carapace |
| 10:11 | Crypt Fiend |
| 10:15 | Improved Creature Attack |
| 10:19 | Spirit Tower |
| 10:26 | Graveyard |
| 10:46 | Ghoul |
| 10:47 | Ghoul |
| 10:48 | Ghoul |
| 11:59 | Frost Nova |
| 12:18 | Crypt |
| 12:20 | Crypt |
| 12:22 | Crypt |
| 12:24 | Crypt Fiend |
| 12:24 | Crypt Fiend |
| 12:24 | Crypt Fiend |
| 12:24 | Crypt Fiend |
| 12:33 | Temple of the Damned |
| 12:36 | Temple of the Damned |
| 12:48 | Improved Creature Carapace |
| 12:59 | Ghoul |
| 13:00 | Ghoul |
| 13:00 | Ghoul |
| 13:07 | Crypt Fiend |
| 13:08 | Gargoyle |
| 13:22 | Gargoyle |
| 13:25 | Gargoyle |
| 13:26 | Crypt Fiend |
| 13:26 | Crypt Fiend |
| 13:35 | Banshee Adept Training |
| 13:35 | Banshee |
| 13:37 | Banshee |
| 13:44 | Crypt Fiend |
| 13:47 | Gargoyle |
| 13:49 | Gargoyle |
| 13:56 | Scroll of Town Portal |
| 13:59 | Ritual Dagger |
| 14:00 | Scroll of Town Portal |
| 14:44 | Crypt Fiend |
| 15:01 | Death Coil |
| 15:24 | Frost Armor |
| 15:33 | Necropolis |
| 15:34 | Ziggurat |
| 15:40 | Ziggurat |
| 15:41 | Ziggurat |
| 15:42 | Ziggurat |
| 15:59 | Black Citadel |
| 18:33 | Gargoyle |
| 18:36 | Banshee Master Training |
| 18:36 | Banshee |
| 19:01 | Frost Nova |
| 20:10 | Acolyte |
| 20:10 | Acolyte |
| 20:10 | Acolyte |
| 20:11 | Acolyte |
| 20:12 | Acolyte |
| 20:27 | Slaughterhouse |
| 20:45 | Necropolis |
| 20:48 | Banshee |
| 20:50 | Crypt Fiend |
| 20:58 | Potion of Healing |
| 21:00 | Scroll of Town Portal |
| 21:13 | Scroll of Town Portal |
| 21:27 | Animate Dead |
| Right click | 822 |
| Select | 276 |
| Select group | 261 |
| Chat | 121 |
| Misc. action | 115 |
| Build/train/purchase | 99 |
| Use ability | 56 |
| Assign group | 42 |
| Remove unit | 11 |
| Minimap ping | 10 |


| Healing Salve | 3 | 300 |
| Tiny Great Hall | 2 | 1200 |
| Lesser Clarity Potion | 4 | 280 |
| Scroll of Healing | 1 | 250 |
| Scroll of Protection | 1 | 150 |
| total: | 11 | 2180g |
| Peon | 19 | 1425 | / | 0 |
| Troll Headhunter | 9 | 1260 | / | 180 |
| Kodo Beast | 6 | 1530 | / | 360 |
| Troll Berserker | 13 | 1820 | / | 260 |
| Shaman | 8 | 1040 | / | 160 |
| total: | 55 | 7075g | / | 960w |
| Altar of Storms | 1 | 180 | / | 50 |
| Orc Burrow | 6 | 960 | / | 240 |
| War Mill | 1 | 205 | / | 0 |
| Barracks | 2 | 360 | / | 100 |
| Voodoo Lounge | 1 | 130 | / | 30 |
| Beastiary | 1 | 145 | / | 140 |
| Spirit Lodge | 1 | 150 | / | 150 |
| Stronghold | 1 | 315 | / | 190 |
| Fortress | 2 | 650 | / | 380 |
| total: | 13 | 2130g | / | 710w |
| 0:02 | Peon |
| 0:02 | Peon |
| 0:07 | Altar of Storms |
| 0:18 | Orc Burrow |
| 0:23 | Peon |
| 0:44 | Peon |
| 0:49 | War Mill |
| 1:04 | Barracks |
| 1:14 | Peon |
| 1:26 | Peon |
| 1:41 | Orc Burrow |
| 1:47 | Peon |
| 2:06 | Troll Headhunter |
| 2:11 | Voodoo Lounge |
| 2:23 | Troll Headhunter |
| 2:33 | Shockwave |
| 2:45 | Troll Headhunter |
| 3:08 | Troll Headhunter |
| 3:23 | Stronghold |
| 3:33 | Healing Salve |
| 3:46 | Troll Headhunter |
| 4:08 | Troll Headhunter |
| 4:15 | Orc Burrow |
| 4:21 | Endurance Aura |
| 4:33 | Troll Headhunter |
| 5:28 | Troll Headhunter |
| 5:47 | Fortress |
| 5:55 | Shockwave |
| 6:14 | Beastiary |
| 6:17 | Spirit Lodge |
| 6:20 | Healing Salve |
| 6:56 | Healing Wave |
| 7:41 | Shaman Adept Training |
| 7:44 | Orc Burrow |
| 8:09 | Hex |
| 8:14 | Berserker Upgrade |
| 8:20 | Endurance Aura |
| 8:30 | Healing Salve |
| 8:36 | Tiny Great Hall |
| 8:42 | Peon |
| 8:42 | Peon |
| 8:44 | Kodo Beast |
| 8:45 | Troll Headhunter |
| 8:47 | Shaman Master Training |
| 9:20 | Troll Berserker |
| 9:23 | War Drums Damage Increase |
| 9:28 | Orc Burrow |
| 9:39 | Peon |
| 9:39 | Peon |
| 9:39 | Peon |
| 9:40 | Peon |
| 9:54 | Shaman |
| 9:56 | Steel Ranged Weapons |
| 10:06 | Peon |
| 10:31 | Scroll of Healing |
| 10:40 | Scroll of Protection |
| 10:49 | Shaman |
| 10:50 | Shaman |
| 11:14 | Barracks |
| 11:17 | Thorium Ranged Weapons |
| 11:50 | Healing Wave |
| 12:11 | Troll Berserker |
| 12:31 | Lesser Clarity Potion |
| 12:31 | Lesser Clarity Potion |
| 12:36 | Troll Berserker |
| 12:39 | Kodo Beast |
| 12:44 | Shaman |
| 12:49 | Kodo Beast |
| 12:57 | Troll Berserker |
| 13:14 | Troll Berserker |
| 13:37 | Steel Armor |
| 13:56 | Shaman |
| 14:00 | Troll Berserker |
| 14:29 | Orc Burrow |
| 15:08 | Troll Berserker |
| 16:01 | Tiny Great Hall |
| 16:21 | Troll Berserker |
| 16:34 | Peon |
| 16:34 | Peon |
| 16:37 | Peon |
| 16:52 | Troll Berserker |
| 17:09 | Peon |
| 17:09 | Peon |
| 18:04 | Troll Berserker |
| 18:10 | Shaman |
| 18:16 | Kodo Beast |
| 18:19 | Hex |
| 18:37 | Kodo Beast |
| 19:01 | Troll Berserker |
| 19:42 | Troll Berserker |
| 19:45 | Kodo Beast |
| 19:59 | Shockwave |
| 20:03 | Shaman |
| 20:04 | Shaman |
| 20:06 | Thorium Armor |
| 20:17 | Lesser Clarity Potion |
| 20:17 | Lesser Clarity Potion |
| 20:39 | Troll Berserker |
| Select group | 1367 |
| Right click | 976 |
| Select | 435 |
| Build/train/purchase | 111 |
| Assign group | 78 |
| Use ability | 47 |
| Misc. action | 20 |
| Item give/drop | 6 |
| Minimap ping | 5 |
| Chat | 3 |
182 units @ 25.5k
/ 3k
80 buildings @ 11.7k
/ 4.6k

| Rod of Necromancy | 1 | 150 |
| Potion of Mana | 1 | 200 |
| total: | 2 | 350g |
| Acolyte | 12 | 900 | / | 0 |
| Ghoul | 5 | 600 | / | 0 |
| Frost Wyrm | 13 | 5005 | / | 1560 |
| Goblin Shredder | 1 | 375 | / | 100 |
| total: | 31 | 6880g | / | 1660w |
| Spirit Tower | 2 | 290 | / | 80 |
| Crypt | 1 | 200 | / | 50 |
| Ziggurat | 8 | 1200 | / | 400 |
| Graveyard | 1 | 215 | / | 0 |
| Altar of Darkness | 1 | 180 | / | 50 |
| Tomb of Relics | 1 | 130 | / | 30 |
| Necropolis | 1 | 225 | / | 0 |
| Boneyard | 3 | 525 | / | 600 |
| Halls of the Dead | 1 | 320 | / | 210 |
| Black Citadel | 1 | 325 | / | 230 |
| total: | 16 | 2675g | / | 1130w |
| 0:02 | Acolyte |
| 0:02 | Acolyte |
| 0:32 | Acolyte |
| 0:46 | Crypt |
| 0:50 | Ziggurat |
| 0:56 | Graveyard |
| 1:00 | Altar of Darkness |
| 1:18 | Ziggurat |
| 1:47 | Ghoul |
| 1:47 | Ghoul |
| 1:52 | Ghoul |
| 2:09 | Tomb of Relics |
| 2:15 | Ghoul |
| 2:27 | Ghoul |
| 2:59 | Halls of the Dead |
| 5:33 | Black Citadel |
| 5:35 | Ziggurat |
| 5:37 | Ziggurat |
| 6:37 | Rod of Necromancy |
| 6:38 | Death Coil |
| 6:54 | Ziggurat |
| 7:46 | Creature Attack |
| 7:46 | Creature Carapace |
| 7:56 | Boneyard |
| 7:58 | Boneyard |
| 8:02 | Boneyard |
| 8:32 | Goblin Shredder |
| 9:13 | Freezing Breath |
| 9:14 | Frost Wyrm |
| 9:16 | Frost Wyrm |
| 9:21 | Ziggurat |
| 9:28 | Frost Wyrm |
| 10:03 | Spirit Tower |
| 10:20 | Frost Wyrm |
| 10:31 | Frost Wyrm |
| 11:11 | Improved Creature Carapace |
| 11:35 | Unholy Aura |
| 12:00 | Frost Wyrm |
| 12:52 | Death Coil |
| 14:12 | Necropolis |
| 15:01 | Ziggurat |
| 15:02 | Ziggurat |
| 15:06 | Frost Wyrm |
| 15:30 | Frost Wyrm |
| 15:48 | Acolyte |
| 15:48 | Acolyte |
| 15:48 | Acolyte |
| 15:48 | Acolyte |
| 16:32 | Frost Wyrm |
| 16:34 | Frost Wyrm |
| 16:36 | Spirit Tower |
| 17:48 | Unholy Aura |
| 18:23 | Frost Wyrm |
| 18:24 | Frost Wyrm |
| 18:56 | Potion of Mana |
| 19:22 | Improved Creature Attack |
| 19:59 | Acolyte |
| 19:59 | Acolyte |
| 19:59 | Acolyte |
| 19:59 | Acolyte |
| 19:59 | Acolyte |
| 20:35 | Unholy Aura |
| 21:58 | Frost Wyrm |
| Right click | 786 |
| Select | 276 |
| Build/train/purchase | 53 |
| Use ability | 22 |
| Misc. action | 14 |
| Minimap ping | 5 |
| Remove unit | 2 |


| Rod of Necromancy | 1 | 150 |
| Sacrificial Skull | 1 | 50 |
| total: | 2 | 200g |
| Acolyte | 9 | 675 | / | 0 |
| Ghoul | 48 | 5760 | / | 0 |
| Obsidian Statue | 4 | 800 | / | 140 |
| Necromancer | 18 | 2610 | / | 360 |
| total: | 79 | 9845g | / | 500w |
| Spirit Tower | 6 | 870 | / | 240 |
| Crypt | 4 | 800 | / | 200 |
| Altar of Darkness | 1 | 180 | / | 50 |
| Ziggurat | 11 | 1650 | / | 550 |
| Tomb of Relics | 1 | 130 | / | 30 |
| Graveyard | 1 | 215 | / | 0 |
| Slaughterhouse | 1 | 140 | / | 135 |
| Temple of the Damned | 2 | 310 | / | 280 |
| Halls of the Dead | 1 | 320 | / | 210 |
| Black Citadel | 2 | 650 | / | 460 |
| total: | 21 | 3425g | / | 1245w |
| 0:02 | Acolyte |
| 0:11 | Crypt |
| 0:13 | Altar of Darkness |
| 0:16 | Acolyte |
| 0:34 | Ziggurat |
| 0:59 | Tomb of Relics |
| 1:13 | Ghoul |
| 1:23 | Ziggurat |
| 1:26 | Ghoul |
| 1:47 | Ghoul |
| 2:02 | Ghoul |
| 2:12 | Cannibalize |
| 2:19 | Crypt |
| 2:21 | Crypt |
| 2:25 | Carrion Swarm |
| 2:35 | Rod of Necromancy |
| 2:41 | Sacrificial Skull |
| 2:52 | Ghoul |
| 2:53 | Ghoul |
| 2:53 | Ghoul |
| 2:53 | Ghoul |
| 2:53 | Ghoul |
| 3:24 | Ghoul |
| 3:50 | Ghoul |
| 3:59 | Ziggurat |
| 4:01 | Acolyte |
| 4:31 | Vampiric Aura |
| 4:50 | Ziggurat |
| 4:52 | Acolyte |
| 4:52 | Acolyte |
| 4:52 | Acolyte |
| 4:53 | Acolyte |
| 5:12 | Ziggurat |
| 5:38 | Carrion Swarm |
| 5:45 | Graveyard |
| 5:50 | Ghoul |
| 5:50 | Ghoul |
| 6:20 | Halls of the Dead |
| 6:46 | Ghoul |
| 7:02 | Ghoul |
| 7:05 | Ziggurat |
| 7:06 | Ziggurat |
| 7:07 | Ziggurat |
| 7:09 | Ziggurat |
| 7:31 | Ghoul |
| 7:31 | Ghoul |
| 7:32 | Ghoul |
| 7:52 | Unholy Strength |
| 7:52 | Unholy Armor |
| 7:54 | Spirit Tower |
| 7:55 | Spirit Tower |
| 8:07 | Crypt |
| 8:19 | Spirit Tower |
| 8:35 | Spirit Tower |
| 8:58 | Black Citadel |
| 9:10 | Vampiric Aura |
| 9:17 | Ghoul |
| 9:33 | Improved Unholy Strength |
| 9:49 | Death Coil |
| 10:02 | Slaughterhouse |
| 10:23 | Improved Unholy Armor |
| 10:24 | Ghoul |
| 10:36 | Ziggurat |
| 10:54 | Ghoul |
| 10:55 | Ghoul |
| 11:26 | Ghoul Frenzy |
| 11:32 | Ghoul |
| 11:32 | Ghoul |
| 11:45 | Ghoul |
| 11:45 | Ghoul |
| 11:55 | Ghoul |
| 12:19 | Ghoul |
| 12:20 | Ghoul |
| 12:20 | Ghoul |
| 12:50 | Ghoul |
| 12:50 | Ghoul |
| 13:03 | Ghoul |
| 13:08 | Unholy Aura |
| 13:23 | Obsidian Statue |
| 13:46 | Advanced Unholy Strength |
| 13:49 | Ziggurat |
| 14:12 | Ghoul |
| 14:25 | Ghoul |
| 14:25 | Ghoul |
| 14:31 | Carrion Swarm |
| 14:53 | Ghoul |
| 14:54 | Ghoul |
| 15:10 | Ghoul |
| 15:10 | Ghoul |
| 15:27 | Ghoul |
| 15:27 | Ghoul |
| 15:36 | Temple of the Damned |
| 15:40 | Temple of the Damned |
| 15:54 | Advanced Unholy Armor |
| 16:08 | Obsidian Statue |
| 16:38 | Necromancer |
| 16:43 | Necromancer |
| 17:22 | Death Coil |
| 17:28 | Necromancer |
| 17:28 | Necromancer |
| 17:28 | Necromancer |
| 17:48 | Necromancer |
| 17:49 | Necromancer |
| 17:49 | Necromancer |
| 18:14 | Necromancer Adept Training |
| 18:15 | Skeletal Mastery |
| 18:18 | Ghoul |
| 18:18 | Ghoul |
| 18:59 | Ghoul |
| 18:59 | Ghoul |
| 19:21 | Necromancer Master Training |
| 19:21 | Necromancer |
| 19:42 | Spirit Tower |
| 20:00 | Acolyte |
| 20:01 | Acolyte |
| 20:07 | Necromancer |
| 20:07 | Necromancer |
| 20:27 | Necromancer |
| 20:27 | Necromancer |
| 20:38 | Obsidian Statue |
| 20:48 | Necromancer |
| 20:49 | Necromancer |
| 20:49 | Necromancer |
| 20:50 | Ghoul |
| 20:50 | Ghoul |
| 21:08 | Necromancer |
| 21:09 | Necromancer |
| 21:10 | Inferno |
| 21:19 | Obsidian Statue |
| Right click | 622 |
| Select group | 488 |
| Misc. action | 482 |
| Select | 384 |
| Build/train/purchase | 151 |
| Assign group | 49 |
| Use ability | 34 |
| Minimap ping | 23 |
| Esc | 2 |


| Scroll of Town Portal | 1 | 350 |
| Scroll of Healing | 1 | 250 |
| Scroll of Protection | 1 | 150 |
| total: | 3 | 750g |
| Wisp | 24 | 1440 | / | 0 |
| Archer | 14 | 1820 | / | 140 |
| Hippogryph | 8 | 1280 | / | 160 |
| total: | 46 | 4540g | / | 300w |
| Ancient Protector | 4 | 540 | / | 320 |
| Altar of Elders | 1 | 180 | / | 50 |
| Ancient of War | 2 | 300 | / | 120 |
| Moon Well | 8 | 1440 | / | 320 |
| Hunter's Hall | 1 | 210 | / | 100 |
| Tree of Life | 1 | 340 | / | 185 |
| Ancient of Wind | 2 | 300 | / | 280 |
| Tree of Ages | 2 | 640 | / | 360 |
| Tree of Eternity | 2 | 660 | / | 400 |
| total: | 19 | 3310g | / | 1375w |
| 0:03 | Wisp |
| 0:14 | Altar of Elders |
| 0:16 | Ancient of War |
| 0:19 | Moon Well |
| 0:23 | Wisp |
| 0:44 | Wisp |
| 0:56 | Wisp |
| 0:56 | Wisp |
| 1:28 | Moon Well |
| 1:31 | Wisp |
| 1:42 | Archer |
| 1:53 | Archer |
| 2:05 | Wisp |
| 2:20 | Force of Nature |
| 2:57 | Archer |
| 2:58 | Wisp |
| 3:07 | Hunter's Hall |
| 3:13 | Moon Well |
| 3:19 | Ancient of War |
| 3:26 | Wisp |
| 3:26 | Wisp |
| 3:51 | Archer |
| 4:15 | Archer |
| 4:22 | Tree of Ages |
| 4:27 | Entangling Roots |
| 4:32 | Archer |
| 5:14 | Archer |
| 5:20 | Strength of the Moon |
| 5:51 | Force of Nature |
| 6:14 | Moon Armor |
| 6:16 | Archer |
| 6:19 | Moon Well |
| 6:26 | Moon Well |
| 7:07 | Wisp |
| 7:07 | Wisp |
| 7:12 | Ancient of Wind |
| 7:16 | Ancient of Wind |
| 7:47 | Archer |
| 8:07 | Improved Bows |
| 8:08 | Archer |
| 8:20 | Hippogryph |
| 8:20 | Hippogryph |
| 8:31 | Hippogryph |
| 9:00 | Entangling Roots |
| 9:29 | Hippogryph |
| 10:09 | Trueshot Aura |
| 10:12 | Improved Strength of the Moon |
| 10:57 | Hippogryph |
| 10:58 | Hippogryph |
| 11:00 | Improved Moon Armor |
| 12:10 | Scout |
| 12:21 | Wisp |
| 12:21 | Wisp |
| 12:21 | Wisp |
| 12:21 | Wisp |
| 12:25 | Hippogryph |
| 12:55 | Tree of Life |
| 13:20 | Ancient Protector |
| 13:47 | Ancient Protector |
| 13:50 | Wisp |
| 13:50 | Wisp |
| 13:59 | Ancient Protector |
| 15:05 | Force of Nature |
| 15:29 | Wisp |
| 15:29 | Wisp |
| 15:29 | Wisp |
| 15:29 | Wisp |
| 15:32 | Hippogryph |
| 15:47 | Ancient Protector |
| 15:55 | Archer |
| 16:12 | Archer |
| 16:15 | Wisp |
| 16:40 | Archer |
| 17:38 | Scroll of Town Portal |
| 17:38 | Scroll of Healing |
| 17:42 | Scroll of Protection |
| 18:49 | Tree of Eternity |
| 18:51 | Archer |
| 18:57 | Trueshot Aura |
| 20:26 | Moon Well |
| 20:27 | Moon Well |
| 20:28 | Moon Well |
| 20:40 | Wisp |
| 21:32 | Searing Arrows |
| 21:46 | Tranquility |
| Right click | 837 |
| Select | 379 |
| Build/train/purchase | 104 |
| Use ability | 42 |
| Chat | 7 |
| Resource trade | 6 |
| Misc. action | 4 |
| Remove unit | 3 |
| Item give/drop | 2 |


| Scroll of Regeneration | 6 | 600 |
| Staff of Sanctuary | 3 | 750 |
| Orb of Fire | 3 | 975 |
| Lesser Clarity Potion | 5 | 350 |
| Potion of Mana | 2 | 400 |
| Scroll of Town Portal | 3 | 1050 |
| Circlet of Nobility | 1 | 175 |
| Potion of Lesser Invulnerability | 1 | 150 |
| total: | 24 | 4450g |
| Peasant | 8 | 600 | / | 0 |
| Footman | 1 | 135 | / | 0 |
| Rifleman | 17 | 3485 | / | 510 |
| total: | 26 | 4220g | / | 510w |
| Scout Tower | 7 | 210 | / | 140 |
| Arcane Tower | 3 | 210 | / | 150 |
| Guard Tower | 7 | 490 | / | 350 |
| Altar of Kings | 1 | 180 | / | 50 |
| Farm | 9 | 720 | / | 180 |
| Barracks | 2 | 320 | / | 120 |
| Blacksmith | 1 | 140 | / | 60 |
| Lumber Mill | 1 | 120 | / | 0 |
| Arcane Vault | 2 | 260 | / | 60 |
| Town Hall | 1 | 385 | / | 205 |
| Keep | 2 | 640 | / | 420 |
| Castle | 2 | 720 | / | 420 |
| total: | 24 | 2335g | / | 815w |
| 0:02 | Peasant |
| 0:02 | Peasant |
| 0:02 | Peasant |
| 0:17 | Altar of Kings |
| 0:25 | Peasant |
| 0:30 | Farm |
| 0:35 | Peasant |
| 0:48 | Barracks |
| 0:56 | Peasant |
| 1:09 | Blacksmith |
| 1:17 | Peasant |
| 1:25 | Farm |
| 1:36 | Farm |
| 1:52 | Lumber Mill |
| 2:05 | Footman |
| 2:28 | Storm Bolt |
| 2:41 | Rifleman |
| 3:05 | Rifleman |
| 3:23 | Farm |
| 3:35 | Keep |
| 3:39 | Rifleman |
| 3:52 | Arcane Vault |
| 4:08 | Rifleman |
| 4:08 | Rifleman |
| 4:32 | Bash |
| 4:48 | Rifleman |
| 4:50 | Farm |
| 5:18 | Rifleman |
| 5:20 | Black Gunpowder |
| 5:21 | Improved Lumber Harvesting |
| 5:21 | Advanced Lumber Harvesting |
| 5:34 | Storm Bolt |
| 5:43 | Rifleman |
| 5:58 | Long Rifles |
| 6:11 | Farm |
| 6:19 | Scroll of Regeneration |
| 6:26 | Refined Gunpowder |
| 6:26 | Imbued Gunpowder |
| 6:36 | Rifleman |
| 6:40 | Scout Tower |
| 7:20 | Bash |
| 7:24 | Castle |
| 7:29 | Studded Leather Armor |
| 7:29 | Reinforced Leather Armor |
| 7:31 | Rifleman |
| 7:45 | Scroll of Regeneration |
| 8:47 | Farm |
| 8:49 | Arcane Tower |
| 8:50 | Improved Masonry |
| 8:51 | Dragonhide Armor |
| 9:00 | Circlet of Nobility |
| 9:31 | Scroll of Regeneration |
| 10:02 | Staff of Sanctuary |
| 10:02 | Staff of Sanctuary |
| 10:37 | Holy Light |
| 10:41 | Orb of Fire |
| 10:41 | Orb of Fire |
| 12:03 | Divine Shield |
| 12:47 | Scroll of Town Portal |
| 12:50 | Potion of Lesser Invulnerability |
| 13:10 | Scout Tower |
| 13:14 | Town Hall |
| 13:18 | Scout Tower |
| 13:22 | Arcane Vault |
| 13:38 | Guard Tower |
| 13:45 | Peasant |
| 13:47 | Farm |
| 13:53 | Guard Tower |
| 13:58 | Scout Tower |
| 14:33 | Guard Tower |
| 14:35 | Scout Tower |
| 14:59 | Storm Bolt |
| 15:23 | Holy Light |
| 15:23 | Holy Light |
| 15:32 | Arcane Tower |
| 15:39 | Barracks |
| 15:41 | Rifleman |
| 15:48 | Scroll of Regeneration |
| 15:51 | Lesser Clarity Potion |
| 15:53 | Orb of Fire |
| 15:54 | Scroll of Town Portal |
| 16:01 | Advanced Masonry |
| 16:01 | Imbued Masonry |
| 16:11 | Rifleman |
| 16:35 | Scout Tower |
| 16:36 | Scout Tower |
| 16:40 | Rifleman |
| 17:17 | Lesser Clarity Potion |
| 17:18 | Lesser Clarity Potion |
| 18:12 | Rifleman |
| 18:16 | Scroll of Regeneration |
| 18:21 | Scroll of Regeneration |
| 18:32 | Lesser Clarity Potion |
| 18:32 | Potion of Mana |
| 18:34 | Staff of Sanctuary |
| 18:41 | Scroll of Town Portal |
| 18:43 | Rifleman |
| 20:13 | Rifleman |
| 20:16 | Farm |
| 20:18 | Guard Tower |
| 20:33 | Potion of Mana |
| 20:33 | Lesser Clarity Potion |
| 20:56 | Avatar |
| 21:39 | Rifleman |
| 21:43 | Divine Shield |
| Select group | 1756 |
| Right click | 1598 |
| Select | 409 |
| Build/train/purchase | 136 |
| Use ability | 54 |
| Misc. action | 29 |
| Assign group | 18 |
| Item give/drop | 3 |
| Minimap ping | 1 |
⇛